 Dungeon Crawl Stone Soup version 0.25-a0-1079-g858b6a6ff6 (webtiles) character file.

Game seed: 16223583769358425525, levelgen mode: deterministic

6131 Esekla the Magician (level 10, -5/66 HPs)
             Began as an Octopode Wizard on May 15, 2020.
             Was an Elder of Vehumet.
             Killed from afar by Maggie (23 damage)
             ... with a bolt of fire
             ... on level 10 of the Dungeon.
             The game lasted 01:39:17 (12479 turns).

Esekla the Magician (Octopode Wizard)              Turns: 12479, Time: 01:39:19

Health: -5/66      AC:  1    Str:  7    XL:     10   Next: 89%
Magic:  2/18       EV: 15    Int: 23    God:    Vehumet [****..]
Gold:   406        SH:  0    Dex: 11    Spells: 6/23 levels left

rFire    . . .     SeeInvis .   M - +2 falchion (holy)
rCold    . . .     Gourm    .   (no shield)
rNeg     + . .     Faith    .   a - +0 hat
rPois    +         Spirit   .   i - amulet of the acrobat
rElec    +         Reflect  .   h - ring of poison resistance
rCorr    .         Harm     .   G - ring of positive energy
MR       .....                  w - ring of stealth
Stlth    +++++.....             (no ring)
HPRegen  0.21/turn              (no ring)
MPRegen  0.16/turn              (no ring)
                                (no ring)
                                (no ring)

@: mesmerised
A: almost no armour, stealthy swim, amphibious, 8 rings, constrict 8, camouflage
1, low mp 1, sense surroundings 1, electricity resistance, gelatinous body 1
a: Renounce Religion


You were on level 10 of the Dungeon.
You worshipped Vehumet.
Vehumet was greatly pleased with you.
You were near starving.

You visited 3 branches of the dungeon, and saw 12 of its levels.

You collected 778 gold pieces.
You spent 372 gold pieces at shops.

Inventory:

Hand Weapons
 u - a +3 war axe
 v - a +2 dagger of venom
 I - the +3 shortbow "Gibices" {vorpal, Str+6 Dex-5}
   (You found it on level 8 of the Dungeon)

   Any arrow fired from it inflicts extra damage.
   It affects your strength (+6).
   It affects your dexterity (-5).
 M - a +2 falchion of holy wrath (weapon)
Missiles
 r - 3 boomerangs
 t - 36 poisoned darts (quivered)
Armour
 a - a +0 hat (worn)
Magical Staves
 A - an uncursed staff of wizardry
Jewellery
 h - a ring of poison resistance (left tentacle)
 i - an amulet of the acrobat (around mantle)
 w - a ring of stealth (on tentacle)
 C - an uncursed ring of teleportation
 G - a ring of positive energy (right tentacle)
 K - an uncursed amulet of guardian spirit
Wands
 x - a wand of acid (15)
 D - a wand of polymorph (11)
 H - a wand of flame (19)
Scrolls
 d - 3 scrolls of magic mapping {unknown}
 e - 4 scrolls of enchant weapon
 f - 4 scrolls of remove curse
 l - a scroll of random uselessness {unknown}
 m - a scroll of vulnerability {unknown}
 n - 7 scrolls of teleportation
 p - a scroll of fear {unknown}
 q - 5 scrolls of immolation
 s - 5 scrolls of enchant armour
 E - 2 scrolls of blinking
 F - a scroll of brand weapon {unknown}
 L - 2 scrolls of summoning {unknown}
Potions
 b - a potion of brilliance {unknown}
 g - 4 potions of flight
 j - a potion of haste
 k - 3 potions of might
 o - a potion of lignification {unknown}
 z - a potion of heal wounds
 B - 4 potions of stabbing
 J - a potion of berserk rage
Comestibles
 c - 13 rations


   Skills:
 * Level 5.3 Fighting
 + Level 1.0(4.0) Short Blades
 + Level 6.2(6.3) Long Blades
 * Level 5.8 Dodging
 + Level 5.3 Stealth
 - Level 0.1 Unarmed Combat
 * Level 7.2 Spellcasting
 + Level 3.8 Conjurations
   Level 1.0 Summonings
 + Level 3.7 Translocations
 * Level 3.2 Fire Magic
 * Level 5.1 Air Magic
 * Level 5.8 Poison Magic


You had 6 spell levels left.
You knew the following spells:

 Your Spells              Type           Power        Failure   Level  Hunger
a - Magic Dart            Conj           ####         1%          1    None
b - Blink                 Tloc           N/A          2%          2    None
c - Mephitic Cloud        Conj/Pois/Air  ####....     1%          3    None
d - Static Discharge      Conj/Air       ####....     1%          3    None
e - Searing Ray           Conj           ####..       1%          2    None
f - Conjure Flame         Conj/Fire      ###.....     1%          3    None
g - Ignite Poison         Fire/Tmut/Pois ###.....     1%          3    None

Your spell library contained the following spells:

 Spells                   Type           Power        Failure   Level  Hunger
 Hailstorm                Conj/Ice       ###.....     10%         4    ###....
 Dazzling Flash           Conj/Hex       ###...       3%          3    None
 Gell's Gravitas          Tloc           ####......   4%          3    None
 Iskenderun's Mystic Bla  Conj/Tloc      ####....     4%          4    ###....
 Call Imp                 Summ           ##......     8%          2    None
 Fulminant Prism          Conj/Hex       ###.......   10%         4    ###....
 Slow                     Hex            #.......     12%         2    None
 Confusing Touch          Hex            #.......     22%         3    None
 Yara's Violent Unravell  Hex/Tmut       #.........   45%         5    #####..
 Petrify                  Tmut/Erth      #.......     58%         4    ###....
 Metabolic Englaciation   Hex/Ice        #.........   91%         5    #####..


Dungeon Overview and Level Annotations

Branches:
Dungeon (10/15)            Temple (1/1) D:4            Lair (1/6) D:8
    Orc: D:9-12

Altars:
Ashenzari
Cheibriados
Dithmenos
Kikubaaqudgha
Makhleb
Nemelex Xobeh
Qazlal
Vehumet
Wu Jian
Xom
Zin

Shops:
D:4 ?

Annotations:
D:3 1 runed translucent door, Crazy Yiuf
D:10 Maggie


Innate Abilities, Weirdness & Mutations

You cannot wear most types of armour.
You are very stealthy in the water. (Stealth+)
You are amphibious.
You can wear up to eight rings at the same time.
You can use your tentacles to constrict eight enemies at once.
Your skin changes colour to match your surroundings (Stealth+).
Your rubbery body absorbs attacks. (AC +1, EV +1)
Your magical capacity is low. (-10% MP)
You passively map a small area around you.
You are resistant to electric shocks. (rElec)


Message History

Maggie gestures at you while chanting. The bolt of fire hits you!!
You hit Maggie but do no damage. You grab Maggie.
Maggie is almost dead.
You constrict Maggie. The centaur barely misses you.
You hit Maggie.
Maggie is almost dead.
You constrict Maggie. The centaur hits you. Maggie casts a spell at you.
The bolt of fire hits you! The centaur completely misses you.
You hit Maggie but do no damage.
Maggie is almost dead.
You constrict Maggie. Maggie barely misses you. The centaur hits you.
You hit Maggie.
Maggie is almost dead.
You constrict Maggie, but do no damage. The centaur hits you!
* * * LOW HITPOINT WARNING * * *
Maggie points at you and mumbles some strange words.
The bolt of fire hits you!!
You die...

,
#.....#,
#.....# ,
#.....#,*
#<...># *
#.....#,
#.....# ,
* +.....#
,,#..@(##
,, ,
,#.c@.# ,
+....# ,
* ######
, , , , *
, + * ,,,


You could see Maggie (mesmerising) and a centaur.

Vanquished Creatures
  A two-headed ogre (D:9)
  3 blink frogs (Lair:1)
  A hippogriff (Lair:1)
  A spriggan (D:7)
  5 yaks (D:9)
  6 water moccasins
  4 porcupines (D:8)
  2 orc warriors
  An ice beast (D:6)
  3 centaurs
  6 ogres
  2 crocodiles (Lair:1)
  A wolf (Lair:1)
  A big kobold (D:7)
  3 bullfrogs
  A scorpion (D:5)
  A howler monkey (D:4)
  A crimson imp (D:8)
  5 orc priests
  5 hounds
  2 jellies (D:9)
  3 bullfrog skeletons
  A centaur skeleton (D:4)
  5 orc wizards
  Terence (D:2)
  Natasha (twice) (D:4)
  4 worker ants
  2 hound zombies (D:6)
  A hound skeleton (D:4)
  A worker ant zombie (D:9)
  8 gnolls
  A howler monkey skeleton (D:6)
  11 adders
  An adder (shapeshifter) (D:8)
  A river rat (D:6)
  4 shadow imps
  3 oozes
  An adder skeleton (D:6)
  6 worms
  2 dart slugs (D:1)
  3 leopard geckos
  22 orcs
  12 giant cockroaches
  A goblin (shapeshifter) (D:8)
  7 goblins
  7 hobgoblins
  4 jackals (D:6)
  3 quokkas
  A ball python (D:7)
  15 bats
  7 frilled lizards
  11 kobolds
  A quokka skeleton (D:4)
  4 rats
211 creatures vanquished.

Vanquished Creatures (others)
  2 fungi (Lair:1)
  5 plants (Lair:1)
  3 toadstools (D:6)
10 creatures vanquished.

Grand Total: 221 creatures vanquished

Notes
Turn   | Place    | Note
-------+----------+-------------------------------------------
     0 | D:1      | Esekla the Octopode Wizard began the quest for the Orb.
     0 | D:1      | Reached XP level 1. HP: 11/11 MP: 4/4
   274 | D:1      | Reached XP level 2. HP: 17/17 MP: 1/6
   540 | D:1      | Learned a level 2 spell: Blink
  1147 | D:2      | Found a burning altar of Makhleb.
  1147 | D:2      | Found a radiant altar of Vehumet.
  1152 | D:2      | Became a worshipper of Vehumet
  1164 | D:2      | Reached XP level 3. HP: 22/22 MP: 0/8
  1546 | D:1      | Learned a level 3 spell: Mephitic Cloud
  1550 | D:1      | Learned a level 3 spell: Conjure Flame
  2476 | D:3      | Reached XP level 4. HP: 27/27 MP: 4/9
  2686 | D:3      | Reached skill level 1 in Fighting
  2726 | D:3      | Found a runed translucent door.
  2727 | D:3      | Noticed Crazy Yiuf
  2857 | D:3      | Reached * piety under Vehumet
  2857 | D:3      | Offered knowledge of Foxfire by Vehumet.
  3078 | D:3      | Found a stormy altar of Qazlal.
  3739 | D:2      | Reached skill level 1 in Long Blades
  3746 | D:2      | Reached skill level 1 in Air Magic
  3746 | D:2      | Reached XP level 5. HP: 33/33 MP: 5/10
  3930 | D:2      | Noticed Terence
  4230 | D:2      | Upgraded the game from 0.25-a0-1073-gf4359a17dd to
                  | 0.25-a0-1079-g858b6a6ff6
  4242 | D:2      | Killed Terence
  4242 | D:2      | Reached skill level 1 in Poison Magic
  4478 | D:3      | Found an ancient bone altar of Kikubaaqudgha.
  4599 | D:4      | Found a shadowy altar of Dithmenos.
  4713 | D:4      | Found Xokk's Magic Scroll Boutique.
  4721 | D:4      | Bought a scroll of identify for 24 gold pieces
  4773 | D:4      | Reached skill level 4 in Spellcasting
  4773 | D:4      | Reached XP level 6. HP: 36/38 MP: 8/12
  4829 | D:4      | Found a staircase to the Ecumenical Temple.
  4838 | D:4      | Learned a level 2 spell: Searing Ray
  5005 | D:4      | Noticed Natasha
  5016 | D:4      | Killed Natasha
  5071 | Temple   | Entered the Ecumenical Temple
  5138 | D:4      | Noticed Natasha
  5142 | D:4      | Killed Natasha
  5436 | D:4      | Reached XP level 7. HP: 45/45 MP: 7/13
  6208 | D:5      | Entered Level 5 of the Dungeon
  6299 | D:5      | Offered knowledge of Shock by Vehumet.
  6339 | D:5      | Reached ** piety under Vehumet
  6401 | D:5      | Reached XP level 8. HP: 32/51 MP: 2/15
  7301 | D:6      | Found a snail-covered altar of Cheibriados.
  7301 | D:6      | Found a shattered altar of Ashenzari.
  7302 | D:6      | Found an ornate altar of the Wu Jian Council.
  7474 | D:6      | Reached skill level 5 in Spellcasting
  7625 | D:5      | Found a sparkling altar of Nemelex Xobeh.
  7695 | D:6      | Found a sparkling altar of Nemelex Xobeh.
  7793 | D:6      | Found a glowing silver altar of Zin.
  8358 | D:7      | Offered knowledge of Static Discharge by Vehumet.
  8368 | D:7      | Learned a level 3 spell: Static Discharge
  8421 | D:7      | Reached XP level 9. HP: 53/57 MP: 13/16
  8813 | D:7      | Reached *** piety under Vehumet
  8814 | D:7      | Reached skill level 5 in Stealth
  8823 | D:7      | Reached skill level 1 in Short Blades
  9188 | D:8      | Reached skill level 1 in Fire Magic
  9200 | D:8      | Offered knowledge of Ignite Poison by Vehumet.
  9212 | D:8      | Learned a level 3 spell: Ignite Poison
  9292 | D:8      | Found a shimmering altar of Xom.
  9293 | D:8      | Found a shimmering altar of Xom.
  9294 | D:8      | Found a shimmering altar of Xom.
  9407 | D:8      | Got a smoking shortbow
  9430 | D:8      | Found a sparkling altar of Nemelex Xobeh.
  9514 | D:8      | Reached skill level 5 in Long Blades
  9556 | D:8      | Found a staircase to the Lair.
  9562 | D:8      | Reached **** piety under Vehumet
  9733 | D:8      | Gained mutation: You are partially covered in molten
                  | scales. (AC +2) [potion of mutation]
  9733 | D:8      | Gained mutation: Scrolls take you a little longer to read.
                  | [potion of mutation]
  9733 | D:8      | Gained mutation: You are dopey. (Int -2) [potion of
                  | mutation]
  9733 | D:8      | Gained mutation: You are resistant to electric shocks.
                  | (rElec) [potion of mutation]
  9734 | D:8      | Lost mutation: You are dopey. (Int -2) [potion of mutation]
  9734 | D:8      | Lost mutation: You are partially covered in molten scales.
                  | (AC +2) [potion of mutation]
  9734 | D:8      | Lost mutation: Scrolls take you a little longer to read.
                  | [potion of mutation]
  9734 | D:8      | Gained mutation: Your magical capacity is low. (-10% MP)
                  | [potion of mutation]
  9734 | D:8      | Gained mutation: You passively map a small area around you.
                  | [potion of mutation]
  9828 | D:9      | Identified the +3 shortbow "Gibices" {vorpal, Str+6 Dex-5}
                  | (You found it on level 8 of the Dungeon)
 10037 | Lair:1   | Entered Level 1 of the Lair of Beasts
 10056 | D:8      | Offered knowledge of Hailstorm by Vehumet.
 10056 | D:8      | Reached skill level 5 in Dodging
 10293 | D:8      | HP: 1/58 [water moccasin (5)]
 10296 | D:8      | Reached skill level 5 in Poison Magic
 10296 | D:8      | Reached XP level 10. HP: 39/64 MP: 7/17
 10301 | D:8      | Reached skill level 6 in Spellcasting
 10687 | Lair:1   | Noticed a six-headed hydra
 11196 | Lair:1   | Noticed an elephant
 11659 | D:9      | Noticed a two-headed ogre
 11680 | D:9      | Killed a two-headed ogre
 11680 | D:9      | Reached skill level 5 in Air Magic
 12013 | D:9      | Reached skill level 5 in Fighting
 12014 | D:9      | Reached skill level 7 in Spellcasting
 12250 | D:4      | Bought a scroll of identify for 24 gold pieces
 12250 | D:4      | Bought a scroll of enchant weapon for 90 gold pieces
 12250 | D:4      | Bought a scroll of enchant armour for 90 gold pieces
 12250 | D:4      | Bought a scroll of blinking for 90 gold pieces
 12250 | D:4      | Bought a scroll of immolation for 42 gold pieces
 12250 | D:4      | Bought a scroll of noise for 12 gold pieces
 12463 | D:10     | Entered Level 10 of the Dungeon
 12463 | D:10     | Noticed Maggie
 12479 | D:10     | Killed from afar by Maggie

Illustrated notes

Levels and vault maps discovered:
D:1:      ncdulo_halloftheorcs, layout_loops_ring
D:2:      layout_basic, gammafunk_temple_overflow_elements, uniq_terence
D:3:      layout_basic, lemuel_coloured_pillars_altar, marbit_many_paths,
          uniq_crazy_yiuf_cottage
D:4:      layout_gridville, grunt_dithmenos_shadows,
          minmay_temple_entry_offerings, serial_shops,
          nicolae_shop_temple_entry_statues_fountains, uniq_natasha
D:5:      lemuel_upstairs_altar, layout_rooms, first_ration,
          serial_bayou_crossing
D:6:      layout_basic, nicolae_overflow_quartered_altars,
          gup_sewer_entry_spiral, minmay_gold_behind_fungi,
          nemelex_lonely_heart_becter
D:7:      layout_cave_pools, serial_bayou_pond_c, the_bakery
D:8:      layout_cave_pools, nemelex_xobeh_ov_fountains_minmay,
          grunt_lair_entry_orc_guard_hut, xom_shifter_show
D:9:      layout_loops_corners, st_stairs_5, nrook_mini_vaults,
          hangedman_glass_teeth, grunt_decor_arrowhead
D:10:     layout_irregular_city, nicolae_qazlal_general_emergency, uniq_maggie,
          uniq_gastronok
Temple:   minmay_temple_forest_path
Lair:1:   layout_roguey, cheibrodos_lair_reptile_den, serial_bayou_shore_a,
          grunt_megastairs_3

Skill      XL: |  1  2  3  4  5  6  7  8  9 10 |
---------------+-------------------------------+-----
Fighting       | 1 2 3 4 5 |  5.3
Long Blades    | 1 2 3 5 6 |  6.2
Air Magic      | 1 2 3 4 5 |  5.1
Poison Magic   | 1 2 3 5 |  5.8
Conjurations   | 2 3 |  3.8
Spellcasting   | 4 5 7 |  7.2
Dodging        | 3 4 5 |  5.8
Translocations | 2 3 |  3.7
Stealth        | 3 4 5 |  5.3
Short Blades   | 1 |  1.0
Fire Magic     | 2 3 |  3.2
Unarmed Combat | |  0.1
Summonings     | |  1.0

Action                   |  1- 3 |  4- 6 |  7- 9 | 10-12 || total
-------------------------+-------+-------+-------+-------++-------
Melee: Unarmed           |    25 |       |       |       ||    25
       Constrict         |    23 |    27 |    42 |    10 ||   102
       Tentacles         |    13 |    13 |    16 |    11 ||    53
       Falchion          |    38 |    92 |    12 |    11 ||   153
       Dagger            |       |       |    18 |       ||    18
       Long sword        |       |       |    97 |    21 ||   118
Throw: Dart              |       |     4 |    17 |     5 ||    26
 Cast: Magic Dart        |    59 |    46 |    11 |     1 ||   117
       Blink             |     4 |     1 |     1 |     4 ||    10
       Mephitic Cloud    |       |     7 |     9 |     3 ||    19
       Searing Ray       |       |     4 |    55 |    33 ||    92
       Static Discharge  |       |       |     4 |     1 ||     5
  Use: Scroll            |       |     4 |     5 |     2 ||    11
       Potion            |       |       |     6 |       ||     6
 Stab: Sleeping          |     3 |     2 |     9 |       ||    14
       Confused          |       |     7 |     3 |     1 ||    11
  Eat: Chunk             |     1 |    10 |     8 |     6 ||    25
       Ration            |     1 |       |     2 |       ||     3
Armor: Skin              |    15 |    14 |     6 |       ||    35
Dodge: Dodged            |   100 |    62 |   174 |   105 ||   441
       Rpst.: Falchion   |    24 |    21 |     7 |     5 ||    57
       Long sword        |       |       |    48 |    23 ||    71

Table legend:
 A = Non-vault XP
 B = Vault XP
 C = Vault XP percentage of total XP
 D = Non-vault monster count
 E = Vault monster count
 F = Vault count percentage of total count
                 A         B        C        D         E       F
            +---------+---------+-------+---------+---------+-------
      Total |    6583 |    2176 |  24.8 |     180 |      31 |  14.7
            +---------+---------+-------+---------+---------+-------
        D:1 |      51 |       0 |   0.0 |      30 |       0 |   0.0
        D:2 |     103 |      36 |  25.9 |      19 |       1 |   5.0
        D:3 |      71 |       2 |   2.7 |      12 |       1 |   7.7
        D:4 |     570 |      46 |   7.5 |      19 |       2 |   9.5
        D:5 |     570 |       0 |   0.0 |      13 |       0 |   0.0
        D:6 |     650 |      32 |   4.7 |      18 |       7 |  28.0
        D:7 |     487 |     215 |  30.6 |      20 |       1 |   4.8
        D:8 |     287 |    1433 |  83.3 |      23 |      13 |  36.1
        D:9 |    2373 |     126 |   5.0 |      18 |       2 |  10.0
     Lair:1 |    1421 |     286 |  16.8 |       8 |       4 |  33.3
            +---------+---------+-------+---------+---------+-------
